 Dungeon Crawl Stone Soup version 0.25-a0-292-gaa31f046c4 (webtiles) character file.

Game seed: 16873451580274986344, levelgen mode: deterministic

147 Gwanngwann the Grave Robber (level 5, -1/41 (42) HPs)
             Began as a Ghoul Necromancer on Dec 15, 2019.
             Slain by a gnoll
             ... wielding a +0 spear
              (3 damage)
             ... on level 3 of the Dungeon.
             The game lasted 00:27:50 (3068 turns).

Gwanngwann the Grave Robber (Ghoul Necromancer)     Turns: 3068, Time: 00:27:50

HP:   -1/41 (42)    AC:  3    Str: 12    XL:     5   Next: 29%
MP:   6/6           EV:  7    Int: 10    God:
Gold: 143           SH: 10    Dex: 10    Spells: 2/7 levels left

rFire    . . .     SeeInvis .     - Unarmed
rCold    + . .     Gourm    .   j - +0 large shield
rNeg     + + +     Faith    .   k - +0 leather armour
rPois    ∞         Spirit   .   (no helmet)
rElec    .         Reflect  .   (no cloak)
rCorr    .         Harm     .   (no gloves)
MR       .....                  (no boots)
Stlth    ++........             (no amulet)
HPRegen  0.00/turn              (no ring)
MPRegen  0.10/turn              (no ring)

@: rotting
A: rotting body, claws 1, carnivore, cold resistance 1, negative energy
resistance 3, inhibited regeneration, torment resistance, unbreathing
a: no special abilities


You were on level 3 of the Dungeon.
You were not hungry.

You visited 1 branch of the dungeon, and saw 3 of its levels.

You collected 143 gold pieces.

Inventory:

Hand Weapons
 b - a +0 short sword
Armour
 a - a +0 robe
 e - a +0 buckler
 j - a +0 large shield (worn)
 k - a +0 leather armour (worn)
Scrolls
 d - 4 scrolls of identify {unknown}
 f - a scroll of remove curse {unknown}
 l - 2 scrolls of fear {unknown}
Potions
 g - 2 potions of brilliance {unknown}
 h - a potion of resistance {unknown}
Comestibles
 c - 7 rations


   Skills:
 + Level 2.4 Fighting
 + Level 2.8 Dodging
 + Level 2.3 Stealth
 + Level 2.5 Unarmed Combat
 + Level 1.8 Spellcasting
 + Level 4.4 Necromancy


You had 2 spell levels left.
You knew the following spells:

 Your Spells              Type           Power        Failure   Level  Hunger
a - Pain                  Necr           #...         86%         1    ##.....
b - Animate Skeleton      Necr           N/A          86%         1    ##.....
c - Vampiric Draining     Necr           #.........   99%         3    ####...

Your spell library contained the following spells:

 Spells                   Type           Power        Failure   Level  Hunger
 Regeneration             Chrm/Necr      #.........   100%        3    ####...
 Animate Dead             Necr           N/A          100%        4    #####..


Dungeon Overview and Level Annotations

Branches:
Dungeon (3/15)

Altars:
Nemelex Xobeh
The Shining One

Annotations:
D:2 L.


Innate Abilities, Weirdness & Mutations

Your body is rotting away.
You thrive on raw meat.
You are immune to poison.
You have sharp fingernails.
You are carnivorous and can eat meat at any time.
Your flesh is cold resistant. (rC+)
You are immune to negative energy. (rN+++)
You do not regenerate when monsters are visible.
You are immune to unholy pain and torment.
You can survive without breathing.


Message History

You block the gnoll's attack.
You scratch the gnoll.
The gnoll is heavily wounded.
The gnoll hits you with a +0 spear. You block the bat's attack.
You closely miss the gnoll.
The gnoll is heavily wounded.
The bat hits you but does no damage. The bat hits you.
The gnoll hits you with a +0 spear. The bat hits you but does no damage.
Your shield prevents you from hitting the gnoll.
The gnoll is heavily wounded.
You block the bat's attack. The gnoll hits you with a +0 spear!
* * * LOW HITPOINT WARNING * * *
The gnoll hits you with a +0 spear.
* * * LOW HITPOINT WARNING * * *
The bat closely misses you. You block the gnoll's attack.
There is a stone staircase leading up here.
You can't go down here!
The bat hits you but does no damage.
The gnoll hits you from afar with a +0 spear.
You die...

##########
.........####
#......#
#.#g.#.#
#.#†##.#
#.#@.b.#
#.#.####
#g#.# #.#..
#.###


You could see a gnoll and a bat.

Vanquished Creatures
  A howler monkey (D:2)
  2 gnolls
  3 adders (D:2)
  An ooze (D:1)
  A worm (D:2)
  2 dart slugs
  A leopard gecko (D:1)
  5 bats (D:1)
  10 giant cockroaches
  5 goblins (D:1)
  3 hobgoblins (D:1)
  7 kobolds
  A quokka (D:2)
  3 frilled lizards
  4 rats
49 creatures vanquished.

Vanquished Creatures (others)
  3 toadstools (D:1)
3 creatures vanquished.

Grand Total: 52 creatures vanquished

Notes
Turn   | Place    | Note
-------+----------+-------------------------------------------
     0 | D:1      | Gwanngwann the Ghoul Necromancer began the quest for the
                  | Orb.
     0 | D:1      | Reached XP level 1. HP: 14/14 MP: 2/2
   120 | D:1      | Reached XP level 2. HP: 8/20 MP: 3/3
   151 | D:1      | HP: 1/20 [kobold/+0 short sword (1)]
   763 | D:1      | Reached XP level 3. HP: 22/26 MP: 0/4
   839 | D:1      | Reached skill level 1 in Fighting
   839 | D:1      | Reached skill level 1 in Unarmed Combat
  1381 | D:1      | Learned a level 1 spell: Animate Skeleton
  1427 | D:1      | Learned a level 3 spell: Vampiric Draining
  1501 | D:2      | Reached XP level 4. HP: 4/35 MP: 5/5
  2000 | D:2      | Found a sparkling altar of Nemelex Xobeh.
  2164 | D:2      | Reached XP level 5. HP: 6/41 MP: 0/6
  2640 | D:2      | Found a glowing golden altar of the Shining One.
  2718 | D:2      | HP: 1/41 [gnoll/+0 club (5)]
  3066 | D:3      | HP: 2/41 [gnoll/+0 spear (2)]
  3068 | D:3      | Slain by a gnoll

Levels and vault maps discovered:
D:1:      lightli_arrival_windingriver, layout_rooms, minmay_gold_behind_fungi,
          fountainhead, minmay_misc_feat_cross, corexii_leaking_fountain
D:2:      layout_loops_ring, tso_altar, lemuel_doored_altar, first_ration
D:3:      layout_basic, zin_academy, lemuel_zombie_altar_kikubaaqudgha,
          gammafunk_ghost_cemetery

Skill      XL: |  1  2  3  4 |
---------------+-------------+-----
Dodging        | 2 |  2.8
Fighting       | 1 2 |  2.4
Unarmed Combat | 1 2 |  2.5
Stealth        | |  2.3
Spellcasting   | |  1.8
Necromancy     | |  4.4

Action                   |  1- 3 |  4- 6 || total
-------------------------+-------+-------++-------
Melee: Unarmed           |   143 |    96 ||   239
 Cast: Pain              |     6 |     9 ||    15
 Stab: Sleeping          |     4 |     1 ||     5
  Eat: Chunk             |     3 |     5 ||     8
Armor: Robe              |    27 |    14 ||    41
       Leather armour    |       |     9 ||     9
Dodge: Dodged            |    89 |    52 ||   141
Block: Buckler           |    10 |     7 ||    17
       Large shield      |       |    11 ||    11

Table legend:
 A = Non-vault XP
 B = Vault XP
 C = Vault XP percentage of total XP
 D = Non-vault monster count
 E = Vault monster count
 F = Vault count percentage of total count
                 A         B        C        D         E       F
            +---------+---------+-------+---------+---------+-------
      Total |     210 |       0 |   0.0 |      49 |       0 |   0.0
            +---------+---------+-------+---------+---------+-------
        D:1 |      58 |       0 |   0.0 |      29 |       0 |   0.0
        D:2 |     138 |       0 |   0.0 |      19 |       0 |   0.0
        D:3 |      14 |       0 |   0.0 |       1 |       0 |   0.0
            +---------+---------+-------+---------+---------+-------
